 Dungeon Crawl Stone Soup version 0.24-a0-443-g80245de385 (webtiles) character file.

Game seed: 13430290484487723756

605 Peloso the Slasher (level 7, -3/61 HPs)
             Began as a Minotaur Fighter on June 21, 2019.
             Was a Follower of Okawaru.
             Slain by a phantom (7 damage)
             ... on level 5 of the Dungeon.
             The game lasted 00:09:38 (2841 turns).

Peloso the Slasher (Minotaur Fighter)               Turns: 2841, Time: 00:09:38

Health: -3/61      AC: 10    Str: 26    XL:     7   Next: 19%
Magic:  6/6        EV:  7    Int:  5    God:    Okawaru [*.....]
Gold:   212        SH: 10    Dex: 11    Spells: 6/6 levels left

rFire    . . .     SeeInvis .   a - +0 long sword
rCold    + . .     Gourm    .   c - +0 shield
rNeg     . . .     Faith    .   z - +0 chain mail
rPois    .         Spirit   .   (helmet restricted)
rElec    .         Reflect  .   (no cloak)
rCorr    .         Harm     .   (no gloves)
MR       .....                  (no boots)
Stlth    ..........             (no amulet)
HPRegen  0.20/turn              r - ring of protection from cold
MPRegen  0.10/turn              (no ring)

@: mighty
A: retaliatory headbutt, horns 2
a: Heroism, Renounce Religion


You were on level 5 of the Dungeon.
You worshipped Okawaru.
Okawaru was aware of your devotion.
You were hungry.

You visited 1 branch of the dungeon, and saw 5 of its levels.

You collected 212 gold pieces.

Inventory:

Hand Weapons
 a - a +0 long sword (weapon)
Missiles
 j - 32 bolts
Armour
 b - a +0 scale mail
 c - a +0 shield (worn)
 z - a +0 chain mail (worn)
Jewellery
 r - a ring of protection from cold (left hand)
Wands
 v - a wand of enslavement (7)
Scrolls
 e - 4 scrolls of remove curse {unknown}
 g - 8 scrolls of identify {unknown}
 h - 2 scrolls of enchant weapon {unknown}
 k - a scroll of fog {unknown}
 m - 2 scrolls of teleportation {unknown}
 t - 2 scrolls of magic mapping {unknown}
 w - a scroll of amnesia {unknown}
 x - a scroll of immolation {unknown}
 y - a scroll of noise {unknown}
Potions
 d - a potion of might
 i - a potion of flight {unknown}
 l - a potion of lignification {unknown}
 n - 2 potions of degeneration {unknown}
 o - a potion of mutation {unknown}
 p - a potion of magic {unknown}
 q - a potion of resistance {unknown}
 s - a potion of heal wounds {unknown}
 u - 2 potions of curing
 A - a potion of berserk rage {unknown}
 B - a potion of cancellation {unknown}
Comestibles
 f - 3 rations
 C - 2 chunks of flesh


   Skills:
 + Level 5.0 Fighting
 + Level 6.3 Long Blades
 + Level 5.9 Armour
 + Level 1.0 Dodging
 + Level 0.1 Stealth
 + Level 5.3 Shields


You had 6 spell levels left.
You didn't know any spells.
Your spell library was empty.

Dungeon Overview and Level Annotations

Branches:
Dungeon (5/15)
 Temple: D:4-7

Altars:
Gozag
Okawaru
Ru
Sif Muna
Trog
Vehumet
Wu Jian
Xom
The Shining One


Innate Abilities, Weirdness & Mutations

You reflexively headbutt those who attack you in melee.
You have a pair of horns on your head.


Message History

The phantom is severely damaged.
You block the orc's attack.
The worker ant zombie barely misses you.
You furiously retaliate!
You headbutt the worker ant zombie!
You destroy the worker ant zombie!
Okawaru accepts your kill.
The phantom blinks!
The orc hits you but does no damage.
You slash the orc!
You kill the orc!
Okawaru accepts your kill.
The sentinel's mark upon you fades away.
You see here a +0 trident.
The phantom hits you!
* * * LOW HITPOINT WARNING * * *
The phantom blinks!
You closely miss the phantom.
The phantom is severely damaged.
The phantom hits you!
You die...

............##..#..##.#
......###.............#
......##..............##
......#.............#..#
...........w†.....#..#
....#.....†)†......#
..#..##...†))......#
..##. #......W...#.#
#.........@.<.##
..............###
...##............
.................
.....##..........
..............≈
......###.....≈ ##..#
.....≈ #.. #.##.≈


You could see a phantom and a worm.

Vanquished Creatures
  A sky beast (D:5)
  An ogre (D:5)
  A scorpion (D:5)
  A centaur skeleton (D:4)
  A jelly (D:5)
  An orc wizard (D:5)
  2 worker ants
  A hound skeleton (D:4)
  A worker ant zombie (D:5)
  A gnoll (D:4)
  9 adders
  2 oozes
  An adder zombie (D:4)
  2 worms
  2 dart slugs (D:1)
  9 leopard geckos
  9 orcs
  9 giant cockroaches
  11 goblins
  7 hobgoblins
  2 jackals (D:2)
  6 kobolds
  4 quokkas
  6 bats
  6 frilled lizards
  11 rats
107 creatures vanquished.

Notes
Turn   | Place    | Note
-------+----------+-------------------------------------------
     0 | D:1      | Peloso the Minotaur Fighter began the quest for the Orb.
     0 | D:1      | Reached XP level 1. HP: 19/19 MP: 0/0
   119 | D:1      | Reached XP level 2. HP: 25/27 MP: 1/1
   592 | D:1      | Reached XP level 3. HP: 32/33 MP: 2/2
   904 | D:2      | Reached skill level 3 in Long Blades
  1015 | D:2      | Found an opulent altar of Gozag.
  1307 | D:3      | Reached XP level 4. HP: 20/41 MP: 3/3
  1557 | D:3      | Found a bloodstained altar of Trog.
  1557 | D:3      | Found a shimmering altar of Xom.
  1562 | D:3      | Found a faded altar of an unknown god.
  1564 | D:3      | Found a radiant altar of Vehumet.
  1566 | D:3      | Found a faded altar of an unknown god.
  1657 | D:3      | Found a deep blue altar of Sif Muna.
  1959 | D:3      | Found a glowing golden altar of the Shining One.
  2051 | D:3      | Reached skill level 4 in Long Blades
  2053 | D:3      | Found an ornate altar of the Wu Jian Council.
  2126 | D:4      | Found a sacrificial altar of Ru.
  2135 | D:4      | Reached XP level 5. HP: 41/47 MP: 4/4
  2384 | D:4      | Reached skill level 5 in Long Blades
  2537 | D:4      | Reached skill level 5 in Armour
  2707 | D:4      | Found an iron altar of Okawaru.
  2710 | D:4      | Reached XP level 6. HP: 47/53 MP: 5/5
  2729 | D:4      | Became a worshipper of Warmaster Okawaru
  2763 | D:5      | Entered Level 5 of the Dungeon
  2771 | D:5      | Noticed a sky beast
  2776 | D:5      | Reached skill level 1 in Dodging
  2781 | D:5      | Killed a sky beast
  2781 | D:5      | Reached skill level 5 in Shields
  2819 | D:5      | Reached skill level 6 in Long Blades
  2819 | D:5      | Reached XP level 7. HP: 25/60 MP: 6/6
  2831 | D:5      | Reached * piety under Okawaru
  2831 | D:5      | Reached skill level 5 in Fighting
  2836 | D:5      | HP: 3/61 [phantom (7)]
  2841 | D:5      | Slain by a phantom

Levels and vault maps discovered:
D:1:      lemuel_arrival_river_ford, layout_rooms, kennysheep_small_spiral,
          minmay_fountain_box
D:2:      layout_basic, overflow_temple_1_default, first_ration
D:3:      layout_basic, lemuel_round_altar, lemuel_coloured_pillars_altar,
          chequers_temple_overflow_minitemple, lemuel_blue_sif_altar
D:4:      layout_loops_ring, nicolae_ru_awakened_eye, okawaru_altar_gauntlet_db
D:5:      layout_cave_pools, yredelemnul_forgotten_temple_becter,
          nicolae_overflow_hidden_temple, gup_sewer_entry_bubbles,
          serial_rivers, chequers_serial_rivers_small_a,
          chequers_serial_rivers_marsh, chequers_serial_rivers_room_a,
          chequers_serial_rivers_micro_d, chequers_serial_rivers_small_b,
          chequers_serial_rivers_small_a

Skill      XL: |  1  2  3  4  5  6  7 |
---------------+----------------------+-----
Shields        | 4 5 |  5.3
Armour         | 4 5 |  5.9
Fighting       | 4 5 |  5.0
Long Blades    | 3 4 5 6 |  6.3
Dodging        | 1 |  1.0
Stealth        | |  0.1

Action                   |  1- 3 |  4- 6 |  7- 9 || total
-------------------------+-------+-------+-------++-------
Melee: Long sword        |    91 |   121 |    13 ||   225
       Headbutt          |    11 |    19 |     2 ||    32
  Use: Potion            |       |     2 |     1 ||     3
  Eat: Chunk             |     1 |     5 |       ||     6
Armor: Scale mail        |    41 |    33 |       ||    74
       Chain mail        |       |    59 |    31 ||    90
Dodge: Dodged            |    23 |    48 |    18 ||    89
Block: Shield            |    56 |    79 |    24 ||   159
       Rpst.: Long sword |     7 |    14 |     3 ||    24

Table legend:
 A = Non-vault XP
 B = Vault XP
 C = Vault XP percentage of total XP
 D = Non-vault monster count
 E = Vault monster count
 F = Vault count percentage of total count
                 A         B        C        D         E       F
            +---------+---------+-------+---------+---------+-------
      Total |     833 |      32 |   3.7 |      97 |      10 |   9.3
            +---------+---------+-------+---------+---------+-------
        D:1 |      43 |       0 |   0.0 |      23 |       0 |   0.0
        D:2 |      43 |       0 |   0.0 |      16 |       0 |   0.0
        D:3 |      82 |       0 |   0.0 |      24 |       0 |   0.0
        D:4 |     195 |      22 |  10.1 |      17 |       6 |  26.1
        D:5 |     470 |      10 |   2.1 |      17 |       4 |  19.0
            +---------+---------+-------+---------+---------+-------
